 Dungeon Crawl Stone Soup version 0.31.0-32-g396128a36d (webtiles) character file.

Game seed: 2374965722147193841

12411 dorian the Slicer (level 11, -11/60 HPs)
             Began as a Vine Stalker Brigand on Mar 16, 2024.
             Was an Elder of Uskayaw.
             Mangled by a troll (14 damage)
             ... on level 10 of the Dungeon.
             The game lasted 00:17:48 (8658 turns).

dorian the Slicer (Vine Stalker Brigand)            Turns: 8658, Time: 00:17:49

Health: -11/60     AC:  6    Str: 13    XL:     11   Next: 92%
Magic:  0/15       EV: 10    Int: 11    God:    Uskayaw [****..]
Gold:   490        SH: 12    Dex: 21    Spells: 10/10 levels left

rFire   . . .        P - +5 short sword (venom)
rCold   . . .        H - +0 kite shield
rNeg    + . .        E - +2 robe {Will+}
rPois   .            (no helmet)
rElec   .            c - +0 cloak
rCorr   .            (no gloves)
SInv    .            o - +0 pair of boots
Will    ++...        D - amulet of faith
Stlth   +++          K - +4 ring of slaying
HPRegen 1.10/turn    A - ring of positive energy
MPRegen 0.14/turn

%: guardian spirit, faith
@: marked
A: fangs 3, regeneration 1, magic shield, antimagic bite, no potion heal 2
a: Renounce Religion, Stomp, Line Pass


You were on level 10 of the Dungeon.
You worshipped Uskayaw.
Uskayaw was noncommittal.
You visited 2 branches of the dungeon, and saw 12 of its levels.

You collected 490 gold pieces.

Inventory:

Hand Weapons
 m - a +0 rapier of freezing
 F - a +5 dagger of protection
 P - a +5 short sword of venom (weapon)
Missiles
 d - 20 poisoned darts (quivered)
 e - 5 curare-tipped darts
Armour
 c - a +0 cloak (worn)
 i - a scarf of invisibility
 o - a +0 pair of boots (worn)
 E - a +2 robe of willpower (worn)
 H - a +0 kite shield (worn)
 N - a +1 robe of cold resistance
Jewellery
 s - a ring of flight
 w - a ring of willpower
 A - a ring of positive energy (right hand)
 D - an amulet of faith (around neck)
 K - a +4 ring of slaying (left hand)
Wands
 h - a wand of roots (4)
 I - a wand of acid (7)
Scrolls
 a - a scroll of enchant weapon
 p - 2 scrolls of fog
 r - a scroll of identify
 t - 6 scrolls of teleportation
 u - a scroll of enchant armour
 v - a scroll of silence
 C - 3 scrolls of summoning
 M - a scroll of immolation
Potions
 f - 2 potions of brilliance {unknown}
 g - a potion of berserk rage {unknown}
 k - a potion of might {unknown}
 l - 2 potions of mutation {unknown}
 n - 4 potions of enlightenment {unknown}
 q - 6 potions of curing
 x - a potion of cancellation {unknown}
 z - 2 potions of ambrosia
 G - 2 potions of lignification {unknown}
 L - 2 potions of attraction {unknown}


   Skills:
 + Level 8.8 Fighting
 + Level 11.7 Short Blades
 - Level 1.7 Throwing
 - Level 0.7 Dodging
 - Level 4.8 Stealth
 * Level 8.7 Shields
 + Level 4.0 Invocations


You had 10 spell levels left.
You didn't know any spells.
Your spell library contained the following spells:

 Spells                   Type           Power      Damage    Failure   Level
 Apportation              Tloc           0%         N/A       67%         1
 Necrotise                Necr           0%         1d4       67%         1
 Sting                    Conj/Alch      0%         1d3       67%         1
 Summon Small Mammal      Summ           0%         N/A       67%         1
 Cigotuvi's Dreadful Rot  Necr/Alch/Air  0%         N/A       80%         2
 Ensorcelled Hibernation  Hex/Ice        0%         N/A       80%         2
 Jinxbite                 Hex            0%         N/A       80%         2
 Static Discharge         Conj/Air       0%         3-3/arc   80%         2
 Inner Flame              Hex/Fire       0%         N/A       95%         3
 Passwall                 Erth           0%         N/A       95%         3
 Swiftness                Air            0%         N/A       95%         3
 Airstrike                Air            0%         2d(0-16)  100%        4
 Flame Wave               Conj/Fire      0%         2d4       100%        4
 Ignite Poison            Fire/Alch      0%         N/A       100%        4
 Sticky Flame             Fire/Alch      0%         2d4       100%        4
 Summon Lightning Spire   Summ/Air       0%         N/A       100%        4
 Freezing Cloud           Conj/Ice/Air   0%         6-21      100%        5
 Yara's Violent Unravell  Hex/Alch       0%         3d3       100%        5
 Enfeeble                 Hex            0%         N/A       100%        7


Dungeon Overview and Level Annotations

Branches:
Dungeon (11/15) Zot: 26649  Temple (1/1) D:7 Zot: 5963    Lair (0/5) D:11
    Orc (0/2) D:9

Altars:
Ashenzari
Cheibriados
Dithmenos
Elyvilon
Fedhas
Gozag
Hepliaklqana
Kikubaaqudgha
Makhleb
Nemelex Xobeh
Okawaru
Qazlal
Ru
Sif Muna
Trog
Uskayaw
Vehumet
Wu Jian
Xom
Yredelemnul
Zin
The Shining One

Shops:
D:2 =   D:11 (

Annotations:
D:7 1 runed translucent door, NimIero's ghost, novice AtAl
D:9 exclusion: obsidian statue


Innate Abilities, Weirdness & Mutations

You have razor-sharp teeth.
Your natural rate of healing is unusually fast.
When hurt, damage is shared between your health and your magic reserves.
Your bite disrupts and absorbs the magic of your enemies.
Potions cannot restore your health.


Message History

You can now merge with and destroy a victim.
Your Invocations skill increases to level 4!
You start resting.
Magic restored.
You climb downwards.
You block the water moccasin's attack. The black bear bites you.
You block the black bear's attack. The black bear barely misses you.
You block the troll's attack. The troll claws you. The troll misses you.
The water moccasin bites you.
The black bear bites you but does no damage.
The black bear claws you but does no damage.
The black bear misses you.
There is a stone staircase leading up, spattered with blood here.
The troll barely misses you. The troll claws you! x2
The troll barely misses you. You block the troll's attack. The troll claws you.
The water moccasin completely misses you.
The black bear bites you!
The black bear claws you but does no damage.
The black bear claws you.
You can no longer merge with and destroy a victim.
You climb upwards.
There is a stone staircase leading down here.
The troll bites you! The troll claws you.
* * * LOW HITPOINT WARNING * * *
You block the troll's attack. The black bear bites you.
* * * LOW HITPOINT WARNING * * *
The black bear claws you.
* * * LOW HITPOINT WARNING * * *
The black bear claws you.
* * * LOW HITPOINT WARNING * * *
You block the water moccasin's attack.
The water moccasin attacks as it pursues you!
The water moccasin closely misses you.
The black bear attacks as it pursues you!
The black bear bites you.
* * * LOW HITPOINT WARNING * * *
The black bear claws you.
* * * LOW HITPOINT WARNING * * *
The black bear claws you.
* * * LOW HITPOINT WARNING * * *
The troll bites you!
You die...

########## #........# #........#
##.~≈# # #.....>..# #..~≈##/
#...hST..# #..~~≈~≈ #...@T...#
#.).~≈≈≈ #...<....# #...~≈≈≈
#.....[..# #...~≈≈≈ #........#
#...S~≈≈ ##[##..#######....~≈≈
#############.###.#..........≈≈≈
#........).##.#.....###......S≈≈
#........(......#.###...#....≈≈≈
#..........##.###.##..###....~≈≈


You could see 2 trolls, a water moccasin and a black bear.

Vanquished Creatures
  Fannar (D:10)
  Erica (D:8)
  A cyclops (D:11)
  An ugly thing (D:11)
  A troll (D:9)
  Grinder (D:6)
  A hornet (D:9)
  Prince Ribbit (D:8)
  Sigmund (D:5)
  A wyvern (D:7)
  21 yaks
  2 wraiths (D:9)
  4 water moccasins
  Duvessa (D:5)
  2 acid dragons
  6 ice beasts
  3 orc warriors
  5 sky beasts (D:7)
  2 ogres
  3 centaurs
  2 kobold brigands
  2 bullfrogs (D:11)
  3 scorpions
  2 gnoll sergeants
  24 wights
  Dowan (D:5)
  9 killer bees
  3 jellies
  5 howler monkeys
  A bombardier beetle (D:4)
  7 hounds
  6 orc priests
  Jessica (D:3)
  A sleepcap (D:5)
  5 iguanas
  9 orc wizards
  A mummy (D:5)
  7 gnolls
  9 adders
  A white imp (D:8)
  2 ufetubi (D:6)
  2 dart slugs
  2 ribbon worms
  23 orcs
  9 endoplasms
  4 giant cockroaches
  8 goblins
  10 hobgoblins
  3 jackals (D:5)
  21 kobolds
  4 quokkas
  9 ball pythons
  3 bats
  A frilled lizard (D:1)
  A hobgoblin zombie (D:5)
  A kobold zombie (D:5)
  2 orc zombies (D:5)
  5 rats
268 creatures vanquished.

Notes
Turn   | Place    | Note
-------+----------+-------------------------------------------
     0 | D:1      | dorian the Vine Stalker Brigand began the quest for the
                  | Orb.
     0 | D:1      | Reached XP level 1. HP: 11/11 MP: 2/2
    63 | D:1      | Reached skill level 2 in Short Blades
   115 | D:1      | Reached XP level 2. HP: 15/15 MP: 3/3
   509 | D:1      | Reached XP level 3. HP: 18/18 MP: 4/4
   814 | D:2      | Reached skill level 3 in Short Blades
   982 | D:2      | Found Ostur's Jewellery Shoppe.
  1192 | D:2      | Reached XP level 4. HP: 23/23 MP: 5/5
  1844 | D:3      | Noticed Jessica
  1856 | D:3      | Killed Jessica
  1857 | D:3      | Reached XP level 5. HP: 26/28 MP: 4/6
  2017 | D:3      | Reached skill level 4 in Short Blades
  2124 | D:3      | Found a stormy altar of Qazlal.
  2125 | D:3      | Found a broken altar of Ashenzari.
  2678 | D:5      | Entered Level 5 of the Dungeon
  2680 | D:5      | Noticed Duvessa
  2681 | D:5      | Noticed Sigmund
  2687 | D:5      | Noticed a water moccasin
  2720 | D:5      | Reached XP level 6. HP: 32/32 MP: 7/7
  2750 | D:5      | Killed a water moccasin
  2751 | D:5      | Reached skill level 5 in Short Blades
  2893 | D:5      | Reached XP level 7. HP: 37/37 MP: 8/8
  2897 | D:5      | Noticed Dowan
  2908 | D:5      | Killed Duvessa
  2909 | D:5      | Reached skill level 6 in Short Blades
  2928 | D:5      | Killed Dowan
  3354 | D:5      | Killed Sigmund
  3355 | D:5      | Reached skill level 5 in Fighting
  3355 | D:5      | Reached skill level 7 in Short Blades
  3355 | D:5      | Gained mutation: You have razor-sharp teeth. [Vine Stalker
                  | growth]
  3355 | D:5      | Reached XP level 8. HP: 35/43 MP: 9/9
  3642 | D:6      | Reached skill level 8 in Short Blades
  4040 | D:6      | Reached XP level 9. HP: 33/48 MP: 10/10
  4264 | D:6      | Noticed Grinder
  4268 | D:6      | Killed Grinder
  4269 | D:6      | Reached skill level 1 in Shields
  4325 | D:6      | Reached skill level 9 in Short Blades
  4949 | D:7      | Reached XP level 10. HP: 31/55 MP: 8/11
  5021 | D:7      | Found a radiant altar of Vehumet.
  5030 | D:7      | Reached skill level 10 in Short Blades
  5098 | D:7      | Found a runed translucent door.
  5102 | D:7      | Noticed NimIero's ghost (novice AtAl)
  5262 | D:7      | Reached skill level 5 in Shields
  5421 | D:7      | Found a staircase to the Ecumenical Temple.
  5471 | Temple   | Entered the Ecumenical Temple
  5489 | Temple   | Became a worshipper of Uskayaw the Reveller
  5722 | D:7      | Reached * piety under Uskayaw
  5884 | D:8      | Reached ** piety under Uskayaw
  5889 | D:8      | Reached *** piety under Uskayaw
  5892 | D:8      | Reached **** piety under Uskayaw
  5952 | D:8      | Found a glowing silver altar of Zin.
  6168 | D:8      | Noticed Erica
  6176 | D:8      | Killed Erica
  6436 | D:8      | Noticed Prince Ribbit
  6451 | D:8      | Killed Prince Ribbit
  6729 | D:8      | Reached skill level 11 in Short Blades
  6732 | D:8      | Reached ***** piety under Uskayaw
  6741 | D:8      | Reached ****** piety under Uskayaw
  6902 | D:9      | Reached XP level 11. HP: 60/60 MP: 12/12
  6926 | D:9      | Reached skill level 1 in Invocations
  7158 | D:9      | Noticed an obsidian statue
  7273 | D:9      | Found a staircase to the Orcish Mines.
  7779 | D:10     | Entered Level 10 of the Dungeon
  7823 | D:10     | Noticed Fannar
  7834 | D:10     | Killed Fannar
  8289 | D:11     | Noticed a brown ugly thing
  8296 | D:11     | Killed a brown ugly thing
  8481 | D:11     | Noticed a cyclops
  8491 | D:11     | Killed a cyclops
  8544 | D:11     | Found Tinaxkih's Antique Weapon Boutique.
  8637 | D:11     | Found a staircase to the Lair.
  8637 | D:11     | Noticed a cyclops
  8640 | D:11     | Noticed a two-headed ogre
  8658 | D:10     | HP: 3/60 [black bear (1)]
  8658 | D:10     | Mangled by a troll

Illustrated notes

Levels and vault maps discovered:
D:1:      dpeg_arrival_long_road, layout_loops_cross
D:2:      layout_basic, serial_shops, shop, kennysheep_generic_room_6
D:3:      layout_loops_ring, gammafunk_temple_overflow_pools, uniq_jessica
D:4:      layout_rooms
D:5:      layout_loops_cross, grunt_ministairs_7, minmay_mini_ossuary,
          uniq_sigmund, uniq_duvessa
D:6:      layout_basic, uniq_grinder
D:7:      corexii_shack_village, layout_loops_ring, minmay_temple_entry_mist,
          gammafunk_ghost_grave, minivault_11, kennysheep_small_circle
D:8:      layout_loops_corners, zin_academy, uniq_prince_ribbit1, uniq_erica
D:9:      layout_irregular_city, orc_0_dummy, minivault_16
D:10:     minmay_twisted_water, layout_rooms, uniq_fannar
D:11:     layout_small_grid, due_lair_maze_entry_diamond, special_room
          [special_room_orc], serial_shops, nicolae_shop_tiny_waterfront
Temple:   hellmonk_temple_of_storms

Skill      XL: |  1  2  3  4  5  6  7  8  9 10 11 |
---------------+----------------------------------+-----
Short Blades   | 2 3 4 5 7 8 9 11 | 11.7
Fighting       | 2 3 4 5 6 7 8 |  8.8
Shields        | 4 6 8 |  8.7
Invocations    | 4 |  4.0
Throwing       | |  1.7
Dodging        | |  0.7
Stealth        | |  4.8

Action                     |  1- 3 |  4- 6 |  7- 9 | 10-12 || total
---------------------------+-------+-------+-------+-------++-------
  Melee: Dagger            |    83 |    14 |   102 |   372 ||   571
         Bite              |    18 |    34 |   110 |   162 ||   324
         Punch             |     2 |       |     1 |       ||     3
         Rapier            |       |   127 |   195 |       ||   322
         Short sword       |       |       |       |    65 ||    65
 Invoke: Stomp             |       |       |       |     5 ||     5
  Evoke: Wand              |       |       |     3 |       ||     3
    Use: Scroll            |     3 |     6 |     6 |     6 ||    21
         Potion            |       |     1 |       |       ||     1
   Stab: Sleeping          |     7 |     9 |     5 |    10 ||    31
         Distracted        |       |     1 |     1 |     1 ||     3
         Paralysed         |       |       |       |    26 ||    26
 Armour: Robe              |    14 |       |    55 |   169 ||   238
         Ring mail         |    21 |    87 |    94 |       ||   202
  Dodge: Dodged            |    42 |    59 |    75 |    89 ||   265
  Block: Kite shield       |       |       |    18 |   153 ||   171
